 Dungeon Crawl Stone Soup version 0.29.0-15-g675c0067aa (webtiles) character file.

Game seed: 4589000289300851702

32 qw the Sneak (level 3, -1/23 HPs)
             Began as a Gargoyle Delver on Sept 11, 2022.
             Slain by an orc wizard
             ... wielding a +3 dagger
              (2 damage)
             ... on level 4 of the Dungeon.
             The game lasted 00:00:03 (43 turns).

qw the Sneak (Gargoyle Delver)                        Turns: 43, Time: 00:00:04

Health: -1/23      AC:  6    Str: 17    XL:     3   Next: 25%
Magic:  3/3        EV: 11    Int: 10    God:
Gold:   0          SH:  0    Dex: 11    Spells: 2/2 levels left

rFire   . . .      SeeInvis .   a - +0 hand axe
rCold   . . .      Faith    .   (no shield)
rNeg    + . .      Spirit   .   b - +0 leather armour
rPois   inf        Reflect  .   (no helmet)
rElec   +          Harm     .   (no cloak)
rCorr   .          Rampage  .   (no gloves)
Will    .....                   (no boots)
Stlth   +++.......              (no amulet)
HPRegen 0.07/turn               (no ring)
MPRegen 0.08/turn               (no ring)

@: no status effects
A: sickness immunity, AC +3, negative energy resistance 1, electricity
resistance, torment resistance 1, petrification resistance
a: no special abilities


You were on level 4 of the Dungeon.
You visited 1 branch of the dungeon, and saw 2 of its levels.


Innate Abilities, Weirdness & Mutations

You are immune to sickness and miasma.
Your stone body is resilient. (AC +3)
You are immune to poison.
You resist negative energy. (rN+)
You are resistant to electric shocks. (rElec)
You are resistant to unholy torment.
You are immune to petrification.


   Skills:
 - Level 3.2 Fighting
 + Level 3.2 Axes
 - Level 1.5 Dodging
 - Level 5.4 Stealth


You had 2 spell levels left.
You didn't know any spells.
Your spell library was empty.

Inventory:

Hand Weapons
 a - a +0 hand axe (weapon)
Armour
 b - a +0 leather armour (worn)
Wands
 g - a wand of digging (3)
Potions
 f - a potion of haste
 h - a potion of curing {unknown}

Dungeon Overview and Level Annotations

Branches:
Dungeon (5/15)
 Temple: D:4-7

Altars:


Message History

Increase (S)trength, (I)ntelligence, or (D)exterity?
You feel stronger. x2
29 ||| FLEEEEING.
An orc wizard and an orc come into view.
30 ||| Stepping ~*~*~tactically~*~*~ (stealth).
32 ||| Stepping ~*~*~tactically~*~*~ (stealth).
34 ||| FLEEEEING.
An ogre, an orc wizard and 2 orcs come into view.
The orc wizard shouts!
The ogre shouts!
You hear a shout!
The ogre moves out of view.
The orc hits you but does no damage.
You hit the orc.
The orc is moderately wounded.
The orc hits you but does no damage.
You closely miss the orc.
The orc is moderately wounded.
An orc comes into view. It is wielding a +0 flail.
The orc hits you but does no damage. The orc closely misses you.
The orc wizard casts a spell at you. You resist with significant effort.
You slash the orc!
You kill the orc!
You closely miss the orc wizard. The orc wizard barely misses you.
You hit the orc wizard.
The orc wizard is lightly wounded.
The orc wizard hits you but does no damage.
You hit the orc wizard.
The orc wizard is heavily wounded.
The orc wizard hits you but does no damage.
You hit the orc wizard.
The orc wizard is severely wounded.
The orc wizard barely misses you.
You closely miss the orc wizard.
The orc wizard is severely wounded.
The orc wizard hits you with a +3 dagger.
You barely miss the orc wizard.
The orc wizard is severely wounded.
The orc wizard hits you with a +3 dagger.
You die...

.# ####.# #..#.#
### ##..#.#
....#..?#.######
........>.......
...#.....######
.......#)##
...(#o##@#
...... #o#
.......oo#
##....#<.
.$o...#.## ##o##
#.. .o o## # . .


You could see an orc wizard and 3 orcs.

Vanquished Creatures
  A hound (D:4)
  An orc (D:4)
2 creatures vanquished.

Notes
Turn   | Place    | Note
-------+----------+-------------------------------------------
     0 | D:5      | qw the Gargoyle Delver began the quest for the Orb.
     0 | D:5      | Reached XP level 1. HP: 14/14 MP: 1/1
     0 | D:5      | 0 ||| qw: Version: 0.1-a-118-gb4e7ce6
     0 | D:5      | 0 ||| qw: Game counter: 10474
     0 | D:5      | 0 ||| qw: Always use a shield: true
     0 | D:5      | 0 ||| qw: God list: Okawaru
     0 | D:5      | 0 ||| qw: Allow faded altars: false
     0 | D:5      | 0 ||| qw: Do Orc after D:15 true
     0 | D:5      | 0 ||| qw: Do second Lair branch before Depths: true
     0 | D:5      | 0 ||| qw: Lair rune preference: random
     0 | D:5      | 0 ||| qw: Plans: Normal
     0 | D:5      | 0 ||| PLANNING D:1-11
     7 | D:5      | 7 ||| DROPPING scroll of fog.
     8 | D:5      | 8 ||| DROPPING scroll of magic mapping.
     9 | D:5      | 9 ||| DROPPING scroll of fear.
    16 | D:4      | Noticed a hound
    26 | D:4      | HP: 2/14 [hound (2)]
    28 | D:4      | Killed a hound
    29 | D:4      | Reached skill level 3 in Axes
    29 | D:4      | Reached XP level 2. HP: 3/19 MP: 2/2
    29 | D:4      | Reached XP level 3. HP: 3/23 MP: 3/3
    29 | D:4      | 29 ||| FLEEEEING.
    30 | D:4      | 30 ||| Stepping ~*~*~tactically~*~*~ (stealth).
    32 | D:4      | 32 ||| Stepping ~*~*~tactically~*~*~ (stealth).
    34 | D:4      | 34 ||| FLEEEEING.
    34 | D:4      | Noticed an ogre
    42 | D:4      | HP: 1/23 [orc wizard/+3 dagger (3)]
    43 | D:4      | Slain by an orc wizard

Levels and vault maps discovered:
D:4:      layout_basic, uniq_menkaure
D:5:      layout_cave_pools, mainiacjoe_overflow_tiny_flanked,
          chequers_serial_rivers_small_3, hangedman_feature_mirror,
          small_statue_intersection

Skill      XL: |  1 |
---------------+----+-----
Axes           | 3 |  3.2
Fighting       | |  3.2
Dodging        | |  1.5
Stealth        | |  5.4

Action                   || total
-------------------------++-------
Melee: Hand axe          ||    20
 Stab: Sleeping          ||     1
Armor: Leather armour    ||     6
Dodge: Dodged            ||    15

Table legend:
 A = Non-vault XP
 B = Vault XP
 C = Vault XP percentage of total XP
 D = Non-vault monster count
 E = Vault monster count
 F = Vault count percentage of total count
                 A         B        C        D         E       F
            +---------+---------+-------+---------+---------+-------
      Total |      46 |       0 |   0.0 |       2 |       0 |   0.0
            +---------+---------+-------+---------+---------+-------
        D:4 |      46 |       0 |   0.0 |       2 |       0 |   0.0
            +---------+---------+-------+---------+---------+-------
